Cogmind - Beta 13 @@@ ROGUE MODE // 2024.04.11 @ 23:42:49 Player: SovietPaperclip Result: Self-destructed Performance ------------- Evolutions (1) 500 Regions Visited (3) 600 Robots Destroyed (34) 170 Value Destroyed (735) 735 Prototype IDs (1) 20 Alien Tech Used (0) 0 Bonus (0) 0 TOTAL SCORE: 2025 Bonus ------- None Cogmind --------- Core Integrity 180/400 Matter 300/300 Energy 280/280 System Corruption 0% Temperature Cool (0) Movement Treading (320) Ox2 Location -9/Materials Parts ------- > --- POWER (1) -------- Heavy Ion Engine > --- PROPULSION (3) --- Improved Treads Improved Treads > --- UTILITY (3) ------ Heat Sink Huge Storage Unit Signal Interpreter > --- WEAPON (2) ------- Light Assault Rifle Grenade Launcher > --- INVENTORY (25) --- Heavy Ion Engine Cooling System Cooling System Structural Scanner Seismic Detector Medium Armor Plating Medium Armor Plating Hardened Light Armor Plating Hardened Light Armor Plating Hardened Light Armor Plating Hardened Light Armor Plating Hacking Suite High-powered Tractor Beam Beam Cannon Grenade Launcher Rocket Launcher Flail Peak State ------------ > --- POWER ------------ Heavy Ion Engine > --- PROPULSION ------- Improved Treads Improved Treads Improved Treads > --- UTILITY ---------- Huge Storage Unit Signal Interpreter > --- WEAPON ----------- Beam Cannon Light Assault Rifle > --- INVENTORY -------- Heavy Ion Engine Cooling System Cooling System Structural Scanner Seismic Detector Medium Armor Plating Medium Armor Plating Hardened Light Armor Plating Hardened Light Armor Plating Hardened Light Armor Plating Hardened Light Armor Plating Hacking Suite High-powered Tractor Beam Grenade Launcher Grenade Launcher Rocket Launcher Flail [Rating: 16] Favorites ----------- Power Ion Engine Engine Ion Engine Propulsion Improved Treads Treads Improved Treads Leg Aluminum Leg Utility Signal Interpreter Device Heat Sink Storage Huge Storage Unit Processor Signal Interpreter Weapon Light Assault Rifle Energy Cannon Beam Cannon Ballistic Gun Light Assault Rifle Launcher Grenade Launcher Impact Weapon Flail Build | -11 -10 -10 -9 ------- Run | Yrd Mat Min Mat Slots Evolved 2 | . . . 2 Power . | . . . . Propulsion 1 | . . . 1 Utility 1 | . . . 1 Weapon . | . . . . Parts Attached 24 | 6 9 1 8 Power 2 | 1 . . 1 Engine 2 | 1 . . 1 Core . | . . . . Reactor . | . . . . Propulsion 7 | 2 3 . 2 Treads 5 | . 3 . 2 Leg 2 | 2 . . . Wheel . | . . . . Hover . | . . . . Flight . | . . . . Utility 6 | 1 4 . 1 Device 1 | . . . 1 Storage 4 | 1 3 . . Processor 1 | . 1 . . Hackware . | . . . . Protection . | . . . . Artifact . | . . . . Weapon 9 | 2 2 1 4 Energy Gun . | . . . . Energy Cannon 2 | . 1 . 1 Ballistic Gun 3 | 2 . . 1 Ballistic Cannon . | . . . . Launcher 3 | . 1 1 1 Special Weapon . | . . . . Impact Weapon 1 | . . . 1 Slashing Weapon . | . . . . Piercing Weapon . | . . . . Special Melee Weapon . | . . . . Unidentified Prototypes 1 | . . . 1 Parts Lost 2 | . . . 2 Power . | . . . . Propulsion 2 | . . . 2 Utility . | . . . . Weapon . | . . . . Highest Loss Streak 2 | . . . 2 To Critical Strikes . | . . . . Average Slot Usage (%) 93 | . 98 100 80 Engine 13 | . 14 14 11 Treads 25 | . 26 28 22 Device 1 | . . . 3 Storage 13 | . 14 14 11 Processor 12 | . 13 14 11 Energy Cannon 7 | . 8 3 5 Ballistic Gun 9 | . 11 . 9 Launcher 8 | . 7 24 3 Naked Turns . | . . . . Heaviest Build 93 | 12 91 91 93 Greatest Support 46 | 20 46 46 46 Greatest Overweight (x) 2 | 2 1 1 2 Average Overweight (x) . | . . 1 1 Largest Inventory Capacity 25 | 8 25 25 25 Average Capacity 18 | 7 14 25 25 Most Carried 19 | 4 15 17 19 Average Carried 12 | 1 9 15 17 Final Capacity 25 | 8 25 25 25 Final Carried 17 | 2 15 16 17 Class Distribution -------------------- 100% | Mutant Dominant Class ---------------- Mutant | -10/Materials Mutant | -10/Mines Mutant | -9/Materials Resources | -11 -10 -10 -9 ----------- Run | Yrd Mat Min Mat Matter Collected 726 | 225 239 140 122 Remotely . | . . . . Salvage Created 847 | . 403 10 434 Parts 64 | . 32 . 32 Haulers Intercepted 2 | . 2 . . Recyclers Shooed 1 | . 1 . . Parts Field Recycled . | . . . . Retrieved Matter . | . . . . Parts Self-Destructed . | . . . . Prevented . | . . . . Kills | -11 -10 -10 -9 ------- Run | Yrd Mat Min Mat Combat Hostiles Destroyed 26 | . 12 2 12 Guns 8 | . 2 . 6 Cannons 8 | . 3 . 5 AOE 9 | . 7 2 . Classes Destroyed 8 | . 6 . 2 Worker 2 | . 1 . 1 Builder 1 | . 1 . . Hauler 2 | . 2 . . Operator 1 | . . . 1 Watcher 2 | . 2 . . Swarmer 12 | . 6 2 4 Grunt 10 | . 6 . 4 Sentry 4 | . . . 4 Best Kill Streak 4 | . 4 2 4 Combat Bots Only 4 | . 3 2 4 Max Kills in Single Turn 2 | . 2 1 1 Gunslinging . | . . . . Exploded 2 | . 2 1 . Melee . | . . . . Uniques/NPCs Destroyed . | . . . . Combat | -11 -10 -10 -9 -------- Run | Yrd Mat Min Mat Hostile Shots Fired 131 | . 49 6 76 Missed 29 | . 11 1 17 Damage Taken 1260 | . 422 85 753 Core 269 | . 35 14 220 Absorbed by Shields . | . . . . Core Remaining (%) 90 | 100 . 80 . Volleys Fired 103 | . 60 5 38 Largest 2 | . 2 2 2 Hottest 80 | . 60 60 80 Shots Fired 169 | . 87 10 72 Gun 92 | . 54 . 38 Cannon 57 | . 24 . 33 Launcher 20 | . 9 10 1 Special . | . . . . Kinetic 92 | . 54 . 38 Thermal 57 | . 24 . 33 Explosive 20 | . 9 10 1 Electromagnetic . | . . . . Robot Hit Streak 9 | . 5 3 9 Robot Miss Streak 4 | . 4 1 4 Penetration Max . | . . . . Secondary Targets . | . . . . Shots Hit Robots 98 | . 42 3 53 Core Hits 59 | . 28 5 26 Critical Kills . | . . . . Critical Parts Destroyed 1 | . . . 1 Critical Strikes 2 | . . . 2 Smash 2 | . . . 2 Melee Attacks 7 | . . . 7 Impact 7 | . . . 7 Slashing . | . . . . Piercing . | . . . . Sneak Attacks 1 | . . . 1 Combat Hostiles . | . . . . Follow-up Attacks . | . . . . Damage Inflicted 2034 | . 923 261 850 Guns 392 | . 212 . 180 Cannons 625 | . 227 . 398 Explosions 762 | . 484 261 17 Melee 255 | . . . 255 Ramming . | . . . . Kinetic 392 | . 212 . 180 Thermal 625 | . 227 . 398 Explosive 762 | . 484 261 17 Electromagnetic . | . . . . Impact 255 | . . . 255 Slashing . | . . . . Piercing . | . . . . Highest Corruption . | . . . . Average Corruption . | . . . . Corruption Purged . | . . . . Corruption Blocked . | . . . . Overload Shots . | . . . . Overflow Damage 136 | . 10 19 107 Projectiles 5 | . . . 5 Explosions 29 | . 10 19 . Melee 102 | . . . 102 Knockbacks . | . . . . Impact . | . . . . Kinetic . | . . . . Secondary . | . . . . Self-Inflicted Damage 77 | . . 46 31 Shots 3 | . . 2 1 Rammed . | . . . . Targets Rammed . | . . . . Kicked . | . . . . Crushed . | . . . . Highest Temperature 337 | . 300 . 337 Average Temperature 97 | . 92 . 101 Received Heat Transfer 465 | . 150 . 315 Siege Activations . | . . . . Robots Corrupted . | . . . . Combat Hostiles . | . . . . Parts Fried 3 | . . . 3 Impact Corruptions 3 | . . . 3 Robots Melted . | . . . . Combat Hostiles . | . . . . Parts Melted 5 | . 1 . 4 Heat Transferred 1332 | . 481 . 851 Parts Sabotaged . | . . . . Parts Stolen . | . . . . Parts Stripped . | . . . . Power Chain Reactions . | . . . . Alert | -11 -10 -10 -9 ------- Run | Yrd Mat Min Mat Peak Influence 263 | . 187 138 263 Initial 53 | . . 22 53 Average 102 | . 77 88 168 Maximum Alert Level 1 | . . . 1 Low Security (%) 90 | 100 100 100 66 Level 1 9 | . . . 33 Level 2 . | . . . . Level 3 . | . . . . Level 4 . | . . . . Level 5 . | . . . . High Security . | . . . . Max Security . | . . . . Squads Dispatched 2 | . 1 . 1 Investigation . | . . . . Extermination . | . . . . Reinforcement 2 | . 1 . 1 Assault . | . . . . Garrison . | . . . . Intercept . | . . . . Searches Triggered . | . . . . Construction Impeded . | . . . . Haulers Reinforced . | . . . . Active Scanning Responses . | . . . . Cargo Convoy Interrupts . | . . . . Stealth | -11 -10 -10 -9 --------- Run | Yrd Mat Min Mat Distress Signals 3 | . 1 1 1 Communications Jammed . | . . . . Distress Signals . | . . . . Times Spotted 37 | . 19 3 15 Peak Tracking Total 4 | . 4 3 4 Tactical Retreats 1 | . . 1 . Traps | -11 -10 -10 -9 ------- Run | Yrd Mat Min Mat Traps Triggered 3 | . 3 . . Indirectly . | . . . . Trap Hack Attempts . | . . . . Triggered . | . . . . Disarmed 3 | . 3 . . Reprogrammed . | . . . . Reused . | . . . . Traps Extracted . | . . . . Installed . | . . . . Triggered . | . . . . Machines | -11 -10 -10 -9 ---------- Run | Yrd Mat Min Mat Machines Disabled 1 | . . . 1 Max in Single Turn 1 | . . . 1 Machines Repaired . | . . . . Machines Dismantled . | . . . . Machines Sabotaged . | . . . . Overloaded Fab Kills . | . . . . Hacking | -11 -10 -10 -9 --------- Run | Yrd Mat Min Mat Machines Accessed 5 | . 5 . . Terminals 5 | . 5 . . Fabricators . | . . . . Repair Stations . | . . . . Recycling Units . | . . . . Scanalyzers . | . . . . Garrison Access . | . . . . Total Hacks 8 | . 8 . . Successful 4 | . 4 . . Failed 4 | . 4 . . Catastrophic . | . . . . Database Lockouts . | . . . . Manual 7 | . 7 . . Terminals 8 | . 8 . . Fabricators . | . . . . Repair Stations . | . . . . Recycling Units . | . . . . Scanalyzers . | . . . . Garrison Access . | . . . . Terminal Hacks 1 | . 1 . . Disarm Traps 1 | . 1 . . Fabricator Hacks . | . . . . Repair Station Hacks . | . . . . Recycling Unit Hacks . | . . . . Scanalyzer . | . . . . Garrison Access Hacks . | . . . . Unauthorized Hacks 3 | . 3 . . Terminals 3 | . 3 . . Botnet 3 | . 3 . . Fabricators . | . . . . Repair Stations . | . . . . Recycling Units . | . . . . Scanalyzers . | . . . . Garrison Access . | . . . . Data Cores Recovered . | . . . . Used . | . . . . Hacking Detections 2 | . 2 . . Full Trace Events . | . . . . Feedback Events . | . . . . Feedback Blocked . | . . . . Robot Schematics Acquired . | . . . . Robots Built . | . . . . Authchips . | . . . . Time . | . . . . Total Robot Build Rating . | . . . . Part Schematics Acquired . | . . . . Parts Built . | . . . . Authchips . | . . . . Time . | . . . . Total Part Build Rating . | . . . . Parts Repaired . | . . . . Time . | . . . . Parts Recycled . | . . . . Recycled Matter . | . . . . Retrieved Matter . | . . . . Retrieved Components . | . . . . Parts Scanalyzed . | . . . . Part Schematics Acquired . | . . . . Parts Damaged . | . . . . Bothacking | -11 -10 -10 -9 ------------ Run | Yrd Mat Min Mat Used RIF Installer . | . . . . Robots Hacked . | . . . . Non-combat . | . . . . Combat . | . . . . Robot Hacks Applied . | . . . . Relay Couplers Released . | . . . . Fabnet Peak Effective % . | . . . . Robots Rewired . | . . . . Allies Hacked . | . . . . Hacks Repelled . | . . . . Allies | -11 -10 -10 -9 -------- Run | Yrd Mat Min Mat Total Allies . | . . . . Largest Group . | . . . . Highest-Rated Group . | . . . . Highest-Rated Ally . | . . . . Total Orders . | . . . . Ally Attacks . | . . . . Total Damage . | . . . . Kills . | . . . . Allies Corrupted . | . . . . Allies Melted . | . . . . Intel | -11 -10 -10 -9 ------- Run | Yrd Mat Min Mat Robot Analysis Total . | . . . . Derelict Logs Recovered . | . . . . Drone Launches . | . . . . Drone Recoveries . | . . . . Exploration | -11 -10 -10 -9 ------------- Run | Yrd Mat Min Mat Turns Passed 2204 | 71 1238 249 646 Spaces Moved 953 | 58 591 95 209 Core 27 | 27 . . . Treads 872 | . 568 95 209 Legs 54 | 31 23 . . Wheels . | . . . . Hover . | . . . . Flight . | . . . . Fastest Speed 50 | 50 120 240 240 Average Speed 192 | 99 177 240 241 Slowest Speed 320 | 150 240 240 320 Overloaded Moves . | . . . . Propulsion Burnouts . | . . . . Robots Hopped . | . . . . Cave-ins Triggered . | . . . . Exploration Rate (%) 36 | 5 85 30 25 Regions Visited 3 Branch Regions 1 Pre-discovered Areas . | . . . . Known Exits Taken 2 | . 1 1 . Unknown Exits Taken 1 | 1 . . . Scrap Searched . | . . . . Spaces Dug 12 | . . 12 . Terrain Destroyed 93 | . 37 51 5 Melee . | . . . . Projectile . | . . . . AOE 93 | . 37 51 5 Terrain Rammed . | . . . . Walls Destroyed . | . . . . Machines Disabled . | . . . . Actions | -11 -10 -10 -9 --------- Run | Yrd Mat Min Mat Total 1160 | 71 709 107 273 Wait 24 | . 15 4 5 Move 950 | 57 590 94 209 Hop . | . . . . Pick Up 40 | 8 25 2 5 Fast Attach . | . . . . Attach 13 | 6 4 . 3 Detach . | . . . . Swap 11 | . 5 1 5 Drop 12 | . 10 1 1 Fire 103 | . 60 5 38 Melee 7 | . . . 7 Ram . | . . . . Kick . | . . . . Crush . | . . . . Escape Stasis . | . . . . Rewire . | . . . . Trap . | . . . . Miscellaneous . | . . . . Route ------- -11/Scrapyard -10/Materials (discovered 4 exits: *Mat x3 / *Min) -10/Mines -9/Materials (discovered 1 exit: *Min) History --------- Turn | Location | Event 7 | -11/Scrapyard | Discovered new exit (range 16) 72 | -11/Scrapyard | Entered Materials 243 | -10/Materials | Discovered new exit (range 8) 300 | -10/Materials | Build established: Mutant 642 | -10/Materials | Discovered new exit (range 5) 651 | -10/Materials | Identified exit to Mines 672 | -10/Materials | Discovered new exit (range 16) 909 | -10/Materials | Discovered new exit (range 8) 1310 | -10/Materials | Entered Mines 1367 | -10/Mines | Received a Rocket Launcher from a helpful Derelict 1368 | -10/Mines | Assembled infested the area 1373 | -10/Mines | Assisted by a Guerilla fighting off Assembled 1424 | -10/Mines | Discovered new exit (range 14) 1469 | -10/Mines | Identified exit to Materials 1559 | -10/Mines | Entered Materials 1559 | -9/Materials | Evolved 2 slots: Propulsion x1, Utility x1 1955 | -9/Materials | Discovered new exit (range 4) 2018 | -9/Materials | Identified exit to Mines 2185 | -9/Materials | Core integrity fell below 50% 2205 | -9/Materials | Self-destructed Last Messages --------------- Plating. 02039_ R-06 Scavenger collects Imp. Ion Engine. 02042_ R-06 Scavenger collects Lgt. Treads. 02165_ Sneak attack on K-01 Serf. 02165_ Destroyed Lgt. Ion Engine. 02165_ K-01 Serf system corrupted by crushing effect. 02165_ Med. Matter Pod fried. 02165_ Wheel fried. 02165_ K-01 Serf destroyed. 02173_ Critical hit (Burn: +37). 02190_ U-05 Engineer lays Concrete. 02191_ Y-45 Defender destroyed. 02192_ U-05 Engineer builds a Wall. 02192_ Acquired 25 matter. 02196_ U-05 Engineer lays Concrete. 02198_ U-05 Engineer builds a Wall. 02200_ U-05 Engineer lays Concrete. 02203_ U-05 Engineer builds a Wall. 02203_ U-05 Engineer lays Concrete. Map ----- +----------------------------------------------------+ | | | | | | | | | | | | | | | ?????????????????????????????????????????????????? | | ?????????????????????????????????????????????????? | | ?????????????????????????????????????????????????? | | ?????????????????????????????????????????????????? | | ?????????????????????????????????????????????????? | | ?????????????????????????????????????????????????? | | ?????????????????????????????????????????????????? | | ?????????????????????????????????????????????????? | | ?????????????????????????????????????????????????? | | ????????????????????????????????????############## | | ???????????????????????????????????##! | | ???????????????????????????????????#! | | ????????????????????????###????????#! | | ????????????????????##### ###??????#! | | ????????????????????# #??????#! ## | | ????????????????????# #??????##! #? | | ????????????????????#""" ####????#### #? | | ????????????????????#""" !########### #? | | ????????????????????#""" @ !%uu ^^ #? | | ????????????????????# u""[#### ^ k #? | | ????????????????????#""" ""###?# ^^ ###### ##? | | ????????????????????#""" T"#???# #????# #?? | | ????????????????????#""" ""#???# ##/##+###### #?? | | ????????????????????# ""#???# # [## #?? | | ????????????????????# #???# # ## #?? | | ????????????????????######+#???? # """"""" ## ##? | | ????????????????????????????????/ # """"""" # #? | | ??????????????????????????????? + """"""" # >%#? | | ??????????????????????????????? # """"""" # #? | | ?????????????????????????????? # """"""" ## ##? | | ?????????????????????????????## ### ?????????# #?? | | ??????????????????????????????# ??##??######## ### | | ??????????????????????????????# % [% % | | ??????????????????????????????# ######### | | ??????????????????????????????#??????????????????? | | ?????????????????????????????????????????????????? | | ?????????????????????????????????????????????????? | | ?????????????????????????????????????????????????? | | ????????????????????????????????????????????????# | | ????????????????????????????????????????????????# | | ????????????????????????????????????????????????# | | ?????????????????????????????????????????????????? | | ?????????????????????????????????????????????????? | +----------------------------------------------------+ Best States ------------- Heat Dissipation 38 Energy Generation 14 Energy Capacity 280 Matter Stores 300 Matter Capacity 300 Sight Range 16 Terrain Scan Density 10 Evasion (%) 55 Recoil Reduction 3 Item Schematics ----------------- None Robot Schematics ------------------ None Fabricated ------------ Nothing Alien Tech Used ----------------- None Achievements -------------- None Challenges ------------ None Game ------ Seed BarrageReinforcedKatana Manual? 0 Play Time 00:15:38 Cumulative 77.1 hours Start 2024.04.11 @ 23:24:38 End 2024.04.11 @ 23:42:49 Sessions 5 Manual Loads 0 Difficulty Rogue Special Mode None Game No. 87 Rogue 87 Adventurer 0 Explorer 0 Win Type - Total 1 Types 1/0/0/0/0/0/0/0/0 Lore% 41 Gallery% 46 Achievement% 43 Wizard Run 0 Options --------- Layout 1 ASCII 0 Keyboard 0 Movement Mouse Keybinds 0 Fullscreen 2 Font 32/Smallcaps Map View 50x40 Zoom Use 0% Tactical HUD 1 Map Filters NONE Filters NONE Steam 1 RUN: ac608def-0fd0-46a4-b608-dd2cf7487f72